 Dungeon Crawl Stone Soup version 0.26-a0-837-g5a8a614f01 (webtiles) character file.

Game seed: 16162862973682667166

0 Gargoyl the Skirmisher (level 1, -6/23 HPs)
             Began as a Gnoll Abyssal Knight on Nov 18, 2020.
             Was a Follower of Lugonu.
             Mangled by a small abomination (12 damage)
             ... on level 3 of the Abyss.
             The game lasted 00:00:29 (112 turns).

Gargoyl the Skirmisher (Gnoll Abyssal Knight)        Turns: 112, Time: 00:00:29

Health: -6/23      AC:  3    Str: 14    XL:     1   Next: 0%
Magic:  3/3        EV: 12    Int: 14    God:    Lugonu [*.....]
Gold:   0          SH:  0    Dex: 14    Spells: 0/0 levels left

rFire    . . .     SeeInvis .   a - +1 hand axe
rCold    . . .     Faith    .   (no shield)
rNeg     . . .     Spirit   .   b - +0 leather armour
rPois    .         Reflect  .   (no helmet)
rElec    .         Harm     .   (no cloak)
rCorr    .         Rampage  .   (no gloves)
MR       .....                  (no boots)
Stlth    +.........             (no amulet)
HPRegen  0.07/turn              (no ring)
MPRegen  0.08/turn              (no ring)

@: no status effects
A: distributed training, fangs 1, strong nose
a: Depart the Abyss, Renounce Religion


You were on level 3 of the Abyss.
You worshipped Lugonu.
Lugonu was aware of your devotion.
You visited 0 branches of the dungeon, and saw 0 of its levels.
You visited the Abyss 1 time.

Inventory:

Hand Weapons
 a - a +1 hand axe (weapon)
Armour
 b - a +0 leather armour (worn)
Scrolls
 c - a scroll of identify


   Skills:
 + Level 6.4 Fighting
 + Level 0.0 Short Blades
 + Level 0.0 Long Blades
 + Level 4.4 Axes
 + Level 0.0 Maces & Flails
 + Level 0.0 Polearms
 + Level 0.0 Staves
 + Level 0.0 Slings
 + Level 0.0 Bows
 + Level 0.0 Crossbows
 + Level 0.0 Throwing
 + Level 4.4 Armour
 + Level 2.3 Dodging
 + Level 0.0 Stealth
 + Level 0.0 Shields
 + Level 0.0 Unarmed Combat
 + Level 0.0 Spellcasting
 + Level 0.0 Conjurations
 + Level 0.0 Hexes
 + Level 0.0 Summonings
 + Level 0.0 Necromancy
 + Level 0.0 Translocations
 + Level 0.0 Transmutations
 + Level 0.0 Fire Magic
 + Level 0.0 Ice Magic
 + Level 0.0 Air Magic
 + Level 0.0 Earth Magic
 + Level 0.0 Poison Magic
 + Level 4.4 Invocations
 + Level 0.0 Evocations


You couldn't memorise any spells.
You didn't know any spells.
Your spell library contained the following spells:

 Spells                   Type           Power        Failure   Level
 Animate Skeleton         Necr           #.....       34%         1
 Pain                     Necr           #...         34%         1
 Vampiric Draining        Necr           #.........   71%         3
 Animate Dead             Necr           #.........   98%         4
 Agony                    Necr           #.......     100%        5


Dungeon Overview and Level Annotations

Branches:
Dungeon (0/15)

Altars:


Innate Abilities, Weirdness & Mutations

Your experience applies equally to all skills.
You have very sharp teeth.
Your uncanny sense of smell can sniff out nearby items.


Message History

The starspawn tentacle grabs you. The starspawn tentacle constricts you.
You escape the starspawn tentacle's grasp.
The starspawn tentacle grabs you. The starspawn tentacle constricts you.
You escape the starspawn tentacle's grasp.
The starspawn tentacle grabs you. The starspawn tentacle constricts you.
You escape the starspawn tentacle's grasp.
The quasit barely misses you.
The quasit claws you but does no damage.
The quasit misses you. The small abomination hits you.
The small abomination hits you.
* * * LOW HITPOINT WARNING * * *
The small abomination hits you but does no damage.
Found a scroll labelled MIFFERHAONG.
A ynoxinul comes into view.
The ynoxinul bellows!
The ynoxinul gestures.
The small abomination hits you!
Ouch! That really hurt!
You die...

#. ♣♣♣♣ ♣♣♣♣...
≈≈≈≈≈ ≈≈≈≈≈♣.#.
..?.. ......#..
#.... ........
##...###...#.§
.#.....#......###
.......@.....#..## #
........x......#.#.#
........5....##....
.#.....#......#...#
##...###...#..##.+
#5....#......#...+
5..............#.##
3............#.##.#
............##X..#


You could see a ynoxinul, a small abomination, a quasit and 2 ufetubi.

Vanquished Creatures (others)
  2 starspawn tentacles (Abyss:3)
2 creatures vanquished.

Notes
Turn   | Place    | Note
-------+----------+-------------------------------------------
     0 | Abyss:1  | Gargoyl the Gnoll Abyssal Knight began the quest for the
                  | Orb.
     0 | Abyss:1  | Reached XP level 1. HP: 23/23 MP: 3/3
    41 | Abyss:2  | Noticed a large abomination
    57 | Abyss:3  | Found a corrupted altar of Lugonu.
    76 | Abyss:3  | Noticed a small abomination
    87 | Abyss:3  | Noticed a tentacled starspawn
    89 | Abyss:3  | Noticed a large abomination
    91 | Abyss:3  | Noticed a small abomination
    92 | Abyss:3  | Noticed a quasit
    92 | Abyss:3  | Noticed a lich
   112 | Abyss:3  | Noticed a ynoxinul
   112 | Abyss:3  | Mangled by a small abomination

Illustrated notes

Levels and vault maps discovered:
Abyss:3:  base: Temple, evilmike_abyss_exit_6, grunt_abyss_rune_wretched_hive,
          minivault_25_ag, hangedman_abyss_lost_library,
          hangedman_summoners_spam, grunt_abyss_rune_wretched_hive,
          hangedman_abyss_lost_library, bh_abyss_exit_spiral,
          hangedman_abyss_or_decor_jellyfish_corner,
          hangedman_abyss_rune_macabre_mess

Action                   || total
-------------------------++-------
  Use: Scroll            ||     1
       Potion            ||     1
Armor: Leather armour    ||     2
Dodge: Dodged            ||     2

Table legend: (Time is in decaauts)
 A = Elapsed time spent in this place.
 B = Non-inter-level travel time spent in this place.
 C = Inter-level travel time spent in this place.
 D = Time resting spent in this place.
 E = Time spent auto-exploring this place.
 F = Levels seen in this place.
 G = Mean time per level.
                   A        B        C        D        E       F      G
               +--------+--------+--------+--------+--------+-----+--------+
         Total |    111 |    111 |      0 |      0 |     31 |   3 |   37.0 |
         Abyss |    111 |    111 |      0 |      0 |     31 |   3 |   37.0 |
               +--------+--------+--------+--------+--------+-----+--------+

Top non-repeatable levels by time:
 Abyss:3: 65 daAuts
 Abyss:2: 40 daAuts
 Abyss:1: 5 daAuts
